 Dungeon Crawl Stone Soup version 0.25-a0-310-g60f0ac2d9a (webtiles) character file.

Game seed: 18164304444402938226, levelgen mode: classic

271 Borgoz the Slasher (level 6, -1/55 HPs)
             Began as a Gargoyle Gladiator on Dec 23, 2019.
             Slain by Robin
             ... wielding a +2 whip of venom
              (8 damage)
             ... on level 3 of the Dungeon.
             The game lasted 00:03:43 (2366 turns).

Borgoz the Slasher (Gargoyle Gladiator)             Turns: 2366, Time: 00:03:43

Health: -1/55      AC: 23    Str: 17      XL:     6   Next: 23%
Magic:  6/6        EV:  2    Int:  9      God:
Gold:   135        SH:  0    Dex: 16 (17) Spells: 5/5 levels left

rFire    . . .     SeeInvis .   a - +0 long sword
rCold    . . .     Gourm    .   (no shield)
rNeg     + + +     Faith    .   (armour currently unavailable)
rPois    ∞         Spirit   .   (helmet currently unavailable)
rElec    .         Reflect  .   (cloak currently unavailable)
rCorr    .         Harm     .   (gloves currently unavailable)
MR       .....     NoTele   +   (boots currently unavailable)
Stlth    +.........             (no amulet)
HPRegen  0.18/turn              j - +4 ring of dexterity
MPRegen  0.10/turn              (no ring)

@: tree-form
A: negative energy resistance 1, petrification resistance, rot immunity, AC +4
a: no special abilities


You were on level 3 of the Dungeon.
You were not hungry.
You were a tree.
You visited 1 branch of the dungeon, and saw 3 of its levels.

You collected 135 gold pieces.

Inventory:

Hand Weapons
 a - a +0 long sword (weapon)
Missiles
 d - 3 throwing nets (quivered)
Armour
 b - a +0 leather armour (melded)
 c - a +0 helmet (melded)
 m - a +0 pair of boots (melded)
Jewellery
 j - a +4 ring of dexterity (left branch)
 o - a +2 ring of strength {unknown}
 p - an uncursed ring of fire {unknown}
 u - an uncursed ring of flight {unknown}
Scrolls
 g - 2 scrolls of fear {unknown}
 l - a scroll of magic mapping {unknown}
 n - 2 scrolls of identify {unknown}
 q - 2 scrolls of random uselessness {unknown}
 t - a scroll of noise {unknown}
Potions
 e - 2 potions of lignification
 h - a potion of might {unknown}
 i - 2 potions of heal wounds {unknown}
 k - a potion of curing {unknown}
 r - a potion of degeneration {unknown}
 v - a potion of agility
 w - 2 potions of haste {unknown}
Comestibles
 f - 4 rations
 s - 6 chunks of flesh


   Skills:
 + Level 3.5 Fighting
 * Level 4.4 Long Blades
 - Level 1.7 Throwing
 + Level 2.6 Armour
 + Level 3.3 Dodging


You had 5 spell levels left.
You didn't know any spells.
Your spell library was empty.

Dungeon Overview and Level Annotations

Branches:
Dungeon (3/15)

Altars:
Dithmenos
Nemelex Xobeh
Xom

Annotations:
D:3 Robin, Sigmund


Innate Abilities, Weirdness & Mutations

You are resistant to torment.
((Your stone body is resilient. (AC +4)))
You are immune to poison.
You resist negative energy. (rN+)
((You are resistant to electric shocks. (rElec)))
((You can survive without breathing.))
You are immune to petrification.
You are immune to rotting.


Message History

Robin is severely wounded.
You barely miss Robin.
Robin is severely wounded.
Something hits you.
* * * LOW HITPOINT WARNING * * *
Robin hits you with a +2 whip of venom.
* * * LOW HITPOINT WARNING * * *
Unknown command.
You barely miss Robin.
Robin is severely wounded.
Robin hits you but does no damage. Something hits you but does no damage.
Robin hits you with a +2 whip of venom.
* * * LOW HITPOINT WARNING * * *
Unknown command.
It was a potion of lignification.
You turn into a tree.
Your +0 helmet melds into your body.
Your +0 pair of boots melds into your body.
Your +0 leather armour melds into your body.
Your roots penetrate the ground.
Robin hits you with a +2 whip of venom!
You die...

##### ....#####
#######.....#######
........{..........
#########♣g...÷...#
......)<÷.#.#######
###########.#
##########
.......g#####.........
###.......g.g@........
......................
.##............#......
##############......
####......


You could see Robin (berserk).

Vanquished Creatures
  A quasit (D:3)
  Natasha (thrice) (D:2)
  5 gnolls
  4 adders (D:2)
  3 worms (D:2)
  2 dart slugs
  A leopard gecko (D:2)
  An orc (D:2)
  4 giant cockroaches
  10 hobgoblins
  4 jackals (D:1)
  9 kobolds
  8 bats
  4 frilled lizards
  7 goblins
  10 rats
76 creatures vanquished.

Notes
Turn   | Place    | Note
-------+----------+-------------------------------------------
     0 | D:1      | Borgoz the Gargoyle Gladiator began the quest for the Orb.
     0 | D:1      | Reached XP level 1. HP: 12/12 MP: 1/1
    86 | D:1      | Reached XP level 2. HP: 18/18 MP: 2/2
   192 | D:1      | Reached skill level 3 in Long Blades
   520 | D:1      | Reached skill level 1 in Armour
   557 | D:1      | Reached XP level 3. HP: 22/22 MP: 3/3
   999 | D:2      | Found a shadowy altar of Dithmenos.
  1014 | D:2      | Reached XP level 4. HP: 18/27 MP: 4/4
  1497 | D:2      | Found a shimmering altar of Xom.
  1510 | D:2      | Reached XP level 5. HP: 16/32 MP: 5/5
  1629 | D:2      | Found a sparkling altar of Nemelex Xobeh.
  1700 | D:2      | Noticed Natasha
  1712 | D:2      | Killed Natasha
  1712 | D:2      | Reached skill level 4 in Long Blades
  1908 | D:2      | Noticed Natasha
  1918 | D:2      | Killed Natasha
  1988 | D:2      | Noticed Natasha
  1995 | D:2      | Killed Natasha
  2041 | D:3      | Reached XP level 6. HP: 26/37 MP: 6/6
  2063 | D:3      | Noticed Sigmund
  2063 | D:3      | Noticed Robin
  2366 | D:3      | Slain by Robin

Levels and vault maps discovered:
D:1:      lightli_arrival_chessboard, layout_basic,
          chequers_serial_rivers_large_b
D:2:      kennysheep_big_flooded_room, layout_rooms, grunt_dithmenos_smoke,
          tgw_xom, nemelex_diamond_rough_becter, uniq_natasha
D:3:      layout_basic, uniq_sigmund, uniq_terence, uniq_robin

Skill      XL: |  1  2  3  4  5 |
---------------+----------------+-----
Long Blades    | 3 4 |  4.4
Armour         | 1 2 |  2.6
Fighting       | 3 |  3.5
Dodging        | 3 |  3.3
Throwing       | |  1.7

Action                   |  1- 3 |  4- 6 || total
-------------------------+-------+-------++-------
Melee: Long sword        |    77 |   133 ||   210
  Use: Potion            |       |     1 ||     1
  Eat: Chunk             |     1 |     4 ||     5
Armor: Leather armour    |    35 |   115 ||   150
Dodge: Dodged            |    55 |   160 ||   215
       Rpst.: Long sword |    23 |    49 ||    72

Table legend:
 A = Non-vault XP
 B = Vault XP
 C = Vault XP percentage of total XP
 D = Non-vault monster count
 E = Vault monster count
 F = Vault count percentage of total count
                 A         B        C        D         E       F
            +---------+---------+-------+---------+---------+-------
      Total |     297 |      91 |  23.5 |      65 |      11 |  14.5
            +---------+---------+-------+---------+---------+-------
        D:1 |      48 |       0 |   0.0 |      30 |       0 |   0.0
        D:2 |     191 |      87 |  31.3 |      31 |       9 |  22.5
        D:3 |      58 |       4 |   6.5 |       4 |       2 |  33.3
            +---------+---------+-------+---------+---------+-------
